Map: Lost and Found LE

Players

Has

  • Race: Protoss Protoss
  • Spawn Location: 7:00

Serral - Winner!

  • Race: Zerg Zerg
  • Spawn Location: 1:00

Event: WCS Valencia 2018

VOD

Have the link to the VOD?

Description

Time

  • Played on: July 14, 2018, 12:36 p.m.
  • Length: 8:33

All games in this series

Show
View Real Time Build Order
Export as new Build Order

Has Protoss 

Build Orders: 1 Gate Expand, Chargelot Immortal 

Get SALT Encoding   

  12  0:00  Probe  
  13  0:13  Probe  
  14  0:19  Pylon  
  14  0:24  Probe  
  15  0:33  Probe  
  15  0:38  Gateway  
  15  0:41  Probe  
  16  0:47  Assimilator  
  17  0:52  Probe  
  18  1:00  Probe  
  19  1:08  Probe  
  20  1:26  Nexus  
  20  1:32  Cybernetics Core  
  20  1:35  Probe  
  21  1:40  Assimilator  
  21  1:48  Probe  
  21  1:52  Pylon  
  22  2:00  Probe  
  23  2:01  Stalker  
  23  2:10  Warp Gate  
  23  2:12  Probe  
  26  2:19  Pylon  
  26  2:24  Probe  
  27  2:33  Twilight Council  
  27  2:36  Probe  
  29  2:44  Probe  
  29  2:47  Robotics Facility  
  29  2:49  Probe  
  30  2:56  Probe  
  31  3:00  Gateway  
  31  3:01  Probe  
  31  3:05  Probe  
  34  3:06  Sentry  
  34  3:09  Probe  
  35  3:13  Probe  
  35  3:18  Probe  
  35  3:19  Gateway  
  37  3:26  Charge  
  38  3:27  Probe  
  38  3:30  Observer  
  38  3:34  Gateway  
  39  3:37  Probe  
  39  3:39  Probe  
  42  3:45  Warp Prism  
  42  3:47  Pylon  
  42  3:49  Probe  
  42  3:52  Probe  
  46  4:01  Probe  
  47  4:04  Probe  
  47  4:07  Forge  
  48  4:13  Probe  
  48  4:16  Probe  
  50  4:17  Zealot  
  50  4:18  Immortal, Zealot x2  
  56  4:25  Probe  
  56  4:29  Pylon  
  61  4:31  Pylon  
  61  4:33  Probe  
  61  4:38  Protoss Ground Weapons Level 1  
  62  4:47  Probe x2  
  64  4:56  Nexus  
  64  4:57  Pylon  
  64  4:59  Probe  
  65  5:00  Sentry x2  
  69  5:08  Immortal  
  75  5:17  Pylon  
  74  5:25  Gateway  
  74  5:27  Gateway  
  73  5:30  Gateway  
  73  5:31  Gateway  
  73  5:33  Gateway  
  73  5:37  Immortal  
  73  5:43  Probe x2  
  79  5:52  Sentry, Zealot x3  
  87  5:58  Pylon  
  87  6:02  Pylon  
  87  6:08  Pylon  
  87  6:15  Zealot x4  
  95  6:33  Zealot  
  95  6:34  Zealot x4  
  95  6:39  Probe x3  
  105  6:51  Probe  
  105  6:53  Immortal  
  106  7:03  Probe  
  106  7:05  Pylon  
  111  7:09  Zealot x2  
  111  7:10  Zealot x7  
  129  7:19  Pylon  
  129  7:24  Immortal  
  129  7:31  Zealot x4  
  129  7:32  Shield Battery, Probe  
  129  7:33  Probe  
  140  7:41  Pylon  
  140  7:43  Pylon  
  140  7:44  Probe  
  140  7:46  Probe  
  141  7:53  Zealot  
  141  7:55  Probe  
  141  7:56  Probe  
  103  8:16  Zealot x9  
  103  8:17  Probe x2  
  103  8:18  Probe  
Show
View Real Time Build Order
Export as new Build Order

Serral Zerg - Winner!

Build Orders: Hatch First 

Get SALT Encoding   

  12  0:00  Drone  
  13  0:12  Overlord  
  13  0:16  Drone  
  14  0:30  Drone x2  
  16  0:49  Hatchery  
  15  0:52  Drone  
  15  0:55  Drone  
  17  0:58  Drone  
  18  1:10  Extractor  
  17  1:14  Spawning Pool  
  17  1:16  Drone  
  17  1:20  Drone  
  18  1:28  Drone  
  19  1:39  Drone  
  20  1:49  Overlord  
  20  2:01  Zergling x2, Queen  
  20  2:02  Zergling x2, Queen  
  26  2:11  Drone  
  26  2:12  Drone  
  28  2:22  Drone x2  
  30  2:36  Drone  
  31  2:37  Hatchery, Drone  
  31  2:39  Pneumatized Carapace  
  31  2:47  Queen  
  31  2:51  Overlord  
  33  2:53  Drone  
  33  2:56  Drone  
  33  2:58  Drone  
  36  3:10  Drone x2  
  36  3:11  Overlord  
  38  3:13  Drone x2  
  38  3:16  Drone  
  38  3:19  Drone  
  42  3:22  Queen  
  44  3:31  Overlord  
  44  3:32  Roach Warren  
  44  3:34  Drone  
  44  3:38  Drone  
  45  3:42  Drone  
  45  3:43  Drone x2  
  45  3:44  Drone  
  49  3:48  Queen  
  49  3:51  Overlord  
  49  3:55  Drone  
  52  3:56  Extractor  
  52  3:59  Drone x3  
  54  4:03  Drone x2  
  54  4:06  Overlord  
  54  4:08  Drone  
  57  4:14  Roach x2  
  61  4:17  Roach x2  
  61  4:21  Roach x2  
  69  4:24  Overlord  
  69  4:27  Roach  
  71  4:31  Lair  
  71  4:34  Overlord  
  71  4:39  Roach x2  
  71  4:45  Spore Crawler  
  74  4:48  Drone x2  
  74  4:49  Roach x2  
  74  4:52  Overlord  
  80  4:57  Drone x2  
  80  4:58  Drone x3  
  85  5:01  Extractor  
  85  5:02  Extractor  
  85  5:03  Drone x3  
  85  5:07  Overlord  
  86  5:08  Overlord  
  86  5:10  Overlord  
  86  5:16  Overlord  
  86  5:21  Roach  
  86  5:22  Roach x3  
  94  5:30  Drone x3  
  94  5:31  Baneling Nest, Evolution Chamber  
  95  5:35  Glial Reconstitution  
  95  5:39  Metabolic Boost  
  95  5:41  Drone x2  
  97  5:46  Overlord  
  97  5:49  Drone x2  
  99  5:50  Extractor  
  99  5:52  Overlord  
  99  5:53  Roach x3  
  104  6:00  Zergling x4, Roach x2  
  110  6:07  Zergling x12  
  115  6:12  Overlord  
  115  6:14  Centrifical Hooks  
  115  6:15  Zerg Missile Weapons Level 1  
  115  6:19  Overlord  
  115  6:23  Drone x2  
  115  6:25  Overlord  
  117  6:26  Roach x2  
  117  6:29  Baneling x4  
  117  6:30  Zergling x2  
  122  6:38  Baneling  
  122  6:39  Baneling x5  
  122  6:43  Zergling x14  
  123  6:48  Ravager  
  123  6:49  Ravager  
  123  6:53  Zergling x8  
  129  6:56  Baneling x3  
  129  7:01  Zergling x6, Roach x3  
  138  7:02  Zergling x2  
  139  7:08  Baneling  
  139  7:09  Baneling x3  
  139  7:11  Zergling x12  
  145  7:16  Baneling x4  
  145  7:17  Baneling  
  145  7:23  Baneling x3  
  145  7:25  Zergling x6  
  145  7:26  Queen  
  150  7:31  Roach x2  
  150  7:32  Roach x2  
  158  7:41  Roach x5  
  167  7:47  Queen  
  167  7:48  Overlord  
  169  7:51  Overlord  
  169  7:55  Zergling x6  
  169  8:00  Zergling x6  
  169  8:03  Zergling x6  
  167  8:06  Zergling x8  
  167  8:09  Zergling x2  
  164  8:13  Zergling x2  
  147  8:31  Hatchery  
Tags
 
Add a new tag
Caveats
  • Supply blocks, unpowered buildings, or Contaminate may cause inaccurate times.
  • Supply counts are checked every 10 seconds.